Cogmind - Beta 10.2 @@@ ROGUE MODE // 2021.03.21 @ 17:38:12 Player: KTG-V2 Result: Destroyed by Y-72 Warden with Railgun Performance ------------- Evolutions (9) 4500 Regions Visited (18) 3600 Robots Destroyed (265) 1325 Value Destroyed (11259) 11259 Prototype IDs (14) 280 Alien Tech Used (0) 0 Bonus (3000) 3000 TOTAL SCORE: 23964 Bonus ------- High Alert Combat Kills 1822 Entered Garrisons 200 Used RIF Installer 500 Scanned by Researcher 500 Friendly Fire -22 Cogmind --------- Core Integrity 0/1600 Matter 268/300 Energy 99/100 System Corruption 24% Temperature Cool (0) Movement Core (50) Location -1/Access Parts ------- > --- POWER (1) -------- (None) > --- PROPULSION (8) --- (None) > --- UTILITY (12) ----- Improved Hacking Suite > --- WEAPON (4) ------- (None) > --- INVENTORY (4) ---- Railgun Peak State ------------ > --- POWER ------------ Particle Reactor > --- PROPULSION ------- Advanced Heavy Treads Improved Heavy Siege Treads > --- UTILITY ---------- Experimental Power Amplifier Advanced Heat Sink Advanced Heat Sink High-capacity Storage Unit High-capacity Storage Unit High-capacity Storage Unit High-capacity Storage Unit Improved Energy Well Advanced Signal Interpreter Advanced Target Analyzer Layered Medium Armor Plating Advanced Hacking Suite > --- WEAPON ----------- Gamma Rifle Gamma Rifle Gamma Rifle Lance > --- INVENTORY -------- Micro Fission Core Medium Treads Medium Treads Medium Treads Wheel Armored Huge Wheel Medium Storage Unit Small Battery Improved Energy Well Advanced Terrain Scan Processor Advanced Target Analyzer Improved Particle Charger Improved Weapon Cycler Improved Weapon Cycler Improved Weapon Cycler Advanced ECM Suite Improved System Backup Module Long-range Tractor Beam Mini Drone Bay Gamma Rifle Quantum Rifle Long-range Phase Cannon High-powered Shotgun Coil Gun Coil Gun Coil Gun Coil Gun Coil Gun Linear Accelerator Linear Accelerator Advanced Remote Datajack [Rating: 140] Favorites ----------- Power Reinforced Deuterium Engine Engine Reinforced Deuterium Engine Power Core Micro Fission Core Reactor Particle Reactor Propulsion Light Treads Treads Light Treads Leg Aluminum Leg Wheel Compact Wheel Hover Unit Antigrav Array Utility Large Storage Unit Device Advanced Heat Sink Storage Large Storage Unit Processor Improved Signal Interpreter Hackware Hacking Suite Protection Hardened Light Armor Plating Weapon KE Penetrator Energy Gun Heavy EM Shotgun Energy Cannon Proton Cannon Ballistic Gun KE Penetrator Ballistic Cannon Mass Driver Launcher Shock Bomb Launcher Special Weapon Advanced Remote Datajack Impact Weapon Heavy Mace Slashing Weapon Power Sword Piercing Weapon Lance Build | -11 -10 -10 -10 -9 -8 -8 -7 -6 -5 -5 -5 -5 -4 -4 -3 -2 -2 -1 ------- Run | Scr Mat Min Exi Min Mat Gar Fac Fac Fac Upp Upp War Pro Fac Res Res Tes Acc Slots Evolved 18 | . . . . . 4 . 2 2 2 . . . . 2 2 2 . 2 Power . | . . . . . . . . . . . . . . . . . . . Propulsion 6 | . . . . . 1 . 1 . . . . . . . . 2 . 2 Utility 10 | . . . . . 3 . 1 1 2 . . . . 1 2 . . . Weapon 2 | . . . . . . . . 1 . . . . . 1 . . . . Parts Attached 445 | 6 18 4 1 6 25 18 80 42 30 18 11 . 26 46 51 31 19 13 Power 36 | 1 2 1 . . 2 2 4 5 4 1 . . 2 4 3 2 3 . Engine 13 | 1 2 . . . 2 2 2 2 1 1 . . . . . . . . Core 12 | . . 1 . . . . 2 . 2 . . . 1 3 . 1 2 . Reactor 11 | . . . . . . . . 3 1 . . . 1 1 3 1 1 . Propulsion 110 | 2 4 1 . . 9 4 22 13 5 1 5 . 4 9 6 9 9 7 Treads 60 | 2 . . . . 3 4 15 2 4 1 4 . 2 . 4 9 5 5 Leg 27 | . 4 1 . . 6 . 1 5 . . . . . 8 . . 2 . Wheel 19 | . . . . . . . 6 6 1 . 1 . 2 1 2 . . . Hover 4 | . . . . . . . . . . . . . . . . . 2 2 Flight . | . . . . . . . . . . . . . . . . . . . Utility 163 | 1 5 . 1 . 5 1 25 13 17 14 4 . 13 23 27 10 2 2 Device 73 | . . . . . 1 . 9 6 6 8 3 . 10 14 13 3 . . Storage 38 | 1 5 . 1 . 2 . 6 4 4 1 . . 1 2 7 1 2 1 Processor 13 | . . . . . . . . 2 3 1 . . . 3 3 1 . . Hackware 7 | . . . . . . . 1 . 1 . . . . 1 . 3 . 1 Protection 32 | . . . . . 2 1 9 1 3 4 1 . 2 3 4 2 . . Artifact . | . . . . . . . . . . . . . . . . . . . Weapon 136 | 2 7 2 . 6 9 11 29 11 4 2 2 . 7 10 15 10 5 4 Energy Gun 35 | 2 5 1 . . 4 6 4 . . . . . 1 2 8 1 1 . Energy Cannon 19 | . . . . . 2 . 3 . 1 . . . 1 2 3 2 4 1 Ballistic Gun 47 | . 2 . . 4 2 3 12 8 1 . . . 3 5 . 4 . 3 Ballistic Cannon 4 | . . . . . . . . . 1 . 2 . 1 . . . . . Launcher 16 | . . 1 . 2 1 2 9 . . . . . . . 1 . . . Special Weapon 5 | . . . . . . . 1 . . 1 . . . . 1 2 . . Impact Weapon 1 | . . . . . . . . . . . . . . 1 . . . . Slashing Weapon 7 | . . . . . . . . 3 1 1 . . 1 . 1 . . . Piercing Weapon 2 | . . . . . . . . . . . . . . . 1 1 . . Special Melee Weapon . | . . . . . . . . . . . . . . . . . . . Unidentified Prototypes 12 | . . . . . 2 . 2 1 1 . . . . . 4 . 2 . Parts Lost 167 | . 6 . . . 4 2 16 14 4 3 8 . 15 32 17 25 10 11 Power 14 | . 1 . . . 1 1 2 1 . . . . 2 2 1 1 2 . Propulsion 59 | . 1 . . . . . 6 6 3 1 4 . 6 9 3 7 4 9 Utility 40 | . . . . . 1 1 3 3 . 2 2 . 2 10 6 8 1 1 Weapon 54 | . 4 . . . 2 . 5 4 1 . 2 . 5 11 7 9 3 1 Highest Loss Streak 25 | . 2 . . . 2 1 3 6 2 2 4 . 7 17 6 25 10 3 Average Slot Usage (%) 82 | . 95 85 85 95 91 89 94 69 92 94 90 94 81 87 76 64 26 12 Engine 3 | . 14 . . . 5 9 3 . 1 3 5 5 1 . . . . . Core 1 | . . 13 14 14 3 . 3 . 1 1 . . 1 2 . . . . Reactor 1 | . . . . . . . . 5 1 . . . 1 1 3 1 2 . Treads 10 | . 15 . . . 1 27 17 4 8 17 19 23 7 2 4 8 9 6 Leg 4 | . 12 28 28 28 25 . . 8 5 . . . . 5 . . 1 1 Wheel 2 | . . . . . . . 9 7 3 . . . . 4 2 2 . . Device 8 | . . . . . 4 . 5 14 11 16 11 11 12 9 13 6 . . Storage 21 | . 27 28 28 28 28 27 29 11 18 17 17 17 20 21 19 15 6 2 Processor 4 | . . . . . . . . . 10 4 5 5 5 8 10 5 . . Hackware 2 | . . . . . . . 1 . 5 5 5 5 5 3 4 6 . . Protection 3 | . . . . . 4 8 6 2 3 5 4 5 4 5 1 2 . . Energy Gun 4 | . 20 14 14 3 7 15 2 . . . . . 1 . 3 8 . . Energy Cannon 1 | . . . . . 3 . 2 . 1 5 . . . 2 1 . 2 . Ballistic Gun 5 | . 4 . . 15 7 2 7 8 5 5 . . 9 15 . . . . Slashing Weapon 1 | . . . . . . . . 2 5 5 5 5 2 . 1 . . . Naked Turns 98 | . . . . . . . . . . . . . . . . 25 . 73 Heaviest Build 188 | 12 39 39 39 42 76 78 117 67 86 87 98 98 103 104 186 188 58 25 Greatest Support 145 | 40 40 20 20 20 63 63 88 60 116 116 116 106 113 75 145 120 100 100 Greatest Overweight (x) 25 | 1 3 1 1 2 2 1 11 3 5 . 8 . 25 5 6 6 19 2 Average Overweight (x) 1 | . . 1 1 1 1 . 1 . 1 . . . 1 3 3 2 . . Largest Inventory Capacity 36 | 6 16 16 16 16 28 22 32 18 20 20 20 20 20 24 36 36 12 8 Average Capacity 20 | 5 13 16 16 16 23 22 27 12 19 20 20 20 20 21 30 29 10 5 Most Carried 36 | 6 14 16 16 16 23 22 28 10 20 20 20 16 16 24 36 36 9 2 Average Carried 17 | 3 12 15 15 15 17 21 25 5 17 19 17 16 14 18 24 27 5 . Final Capacity 36 | 6 16 16 16 16 22 22 4 18 20 20 20 20 20 14 36 4 8 4 Final Carried 32 | 6 14 16 16 16 22 22 4 7 20 20 16 16 15 14 32 4 . 1 Class Distribution -------------------- 46% | Scavenger-Mutant 24% | Hauler-Mutant 19% | Mutant 6% | Scavenger-Skirmisher Dominant Class ---------------- Mutant | -10/Materials Mutant | -10/Mines Mutant | -10/Exiles Mutant | -9/Mines Hauler-Mutant | -8/Materials Hauler-Mutant | -8/Garrison Scavenger-Mutant | -7/Factory Scavenger-Mutant | -6/Factory Scavenger-Mutant | -5/Factory Scavenger-Mutant | -5/Upper Caves Scavenger-Mutant | -5/Upper Caves Scavenger-Mutant | -5/Warlord Scavenger-Mutant | -4/Proximity Caves Scavenger-Mutant | -4/Factory Hauler-Mutant | -3/Research Mutant | -2/Research Mutant | -2/Testing Mutant | -1/Access Resources | -11 -10 -10 -10 -9 -8 -8 -7 -6 -5 -5 -5 -5 -4 -4 -3 -2 -2 -1 ----------- Run | Scr Mat Min Exi Min Mat Gar Fac Fac Fac Upp Upp War Pro Fac Res Res Tes Acc Matter Collected 7680 | 213 442 117 33 79 324 416 1410 946 354 263 331 . 527 689 958 201 287 90 Remotely 603 | . . . . . . . 238 . 56 . 100 . . 110 99 . . . Salvage Created 13535 | . 726 24 . 65 963 675 3270 1201 839 703 227 . 943 939 2161 396 403 . Parts 615 | . 48 2 . 14 47 32 163 45 33 17 16 . 26 38 103 21 10 . Haulers Intercepted 10 | . 2 . . . 3 . 4 . 1 . . . . . . . . . Recyclers Shooed 22 | . . . . . 7 . 4 6 2 . . . . . 2 . 1 . Parts Field Recycled . | . . . . . . . . . . . . . . . . . . . Retrieved Matter . | . . . . . . . . . . . . . . . . . . . Parts Self-Destructed 43 | . . . . . . . . . . 6 13 . 24 . . . . . Prevented 13 | . . . . . . . . . . 11 . . 2 . . . . . Kills | -11 -10 -10 -10 -9 -8 -8 -7 -6 -5 -5 -5 -5 -4 -4 -3 -2 -2 -1 ------- Run | Scr Mat Min Exi Min Mat Gar Fac Fac Fac Upp Upp War Pro Fac Res Res Tes Acc Combat Hostiles Destroyed 192 | . 11 1 . 11 15 19 40 11 7 5 13 . 14 11 27 5 2 . Melee 27 | . . . . . . . . 3 3 . 3 . 3 . 13 2 . . Guns 71 | . 8 . . 1 8 11 14 8 . . . . 9 9 1 2 . . Cannons 25 | . . . . . 1 . 4 . 2 1 10 . 2 . 3 . 2 . AOE 48 | . 3 1 . 10 5 7 17 . . . . . . . 5 . . . Classes Destroyed 18 | . 7 . . . 2 . 6 1 . 1 . . . . . . 1 . Worker 12 | . . . . . . . 2 . 3 . . . . 1 4 1 1 . Builder 8 | . 1 . . . . . 5 . . . . . . . 2 . . . Tunneler 4 | . . . . . . . 2 . . . . . . . 2 . . . Hauler 10 | . 2 . . . 3 . 4 . 1 . . . . . . . . . Recycler 23 | . 2 . . . 2 . 10 3 1 . . . . 1 3 . 1 . Operator 4 | . 1 . . . . . . 2 1 . . . . . . . . . Watcher 11 | . 3 . . . 2 . 1 1 2 . . . . 1 1 . . . Swarmer 44 | . 3 . . 11 6 5 4 . . . 10 . 5 . . . . . Saboteur 1 | . . . . . . . . 1 . . . . . . . . . . Grunt 77 | . 8 1 . . 6 12 19 6 4 3 . . 6 3 9 . . . Brawler 9 | . . . . . . . 4 2 . 1 . . 1 1 . . . . Duelist 5 | . . . . . . . 3 1 1 . . . . . . . . . Protector 1 | . . . . . . . 1 . . . . . . . . . . . Researcher 1 | . . . . . . . . . . . . . . . . . 1 . Sentry 14 | . . . . . 1 2 5 . 2 . 1 . . . 2 1 . . Hunter 15 | . . . . . 2 . 1 1 . . 2 . . 3 4 2 . . Programmer 25 | . . . . . . . 3 . . . . . 2 4 12 2 2 . Behemoth 1 | . . . . . . . . . . 1 . . . . . . . . Decomposer 1 | . . . . . . . . . . . . . 1 . . . . . Packrat 3 | . . . . . . . . . . . . . 3 . . . . . Best Kill Streak 7 | . 4 1 . 4 7 4 6 3 3 4 6 . 5 4 7 2 3 . Combat Bots Only 6 | . 3 1 . 4 5 4 5 3 3 4 6 . 5 2 6 2 2 . Max Kills in Single Turn 4 | . 1 1 . 3 3 2 3 1 1 1 1 . 1 1 4 1 1 . Gunslinging . | . . . . . . . . . . . . . . . . . . . Exploded 3 | . 1 1 . 3 3 2 3 . . . . . . . 3 . . . Melee 1 | . . . . . . . . 1 1 . 1 . 1 . 1 1 . . Uniques/NPCs Destroyed . | . . . . . . . . . . . . . . . . . . . Combat | -11 -10 -10 -10 -9 -8 -8 -7 -6 -5 -5 -5 -5 -4 -4 -3 -2 -2 -1 -------- Run | Scr Mat Min Exi Min Mat Gar Fac Fac Fac Upp Upp War Pro Fac Res Res Tes Acc Damage Taken 39322 | . 770 . . 97 856 1122 4264 2482 1217 1145 1865 . 2897 4485 5597 4687 2404 5434 Core 6059 | . 100 . . 26 145 71 528 378 19 97 145 . 344 599 585 1025 378 1619 Absorbed by Shields . | . . . . . . . . . . . . . . . . . . . Reduced by Siege Mode 335 | . . . . . . . . . 3 32 60 . 54 11 62 113 . . Core Remaining (%) 48 | 100 . . . 49 . 60 24 55 . . . . 39 47 55 . 3 . Volleys Fired 753 | . 74 2 . 10 65 54 174 54 23 29 34 . 52 93 45 18 25 1 Largest 4 | . 2 1 . 2 2 2 2 2 1 1 2 . 3 4 2 3 1 1 Hottest 225 | . 90 40 . 40 118 100 106 63 75 75 110 . 98 188 163 225 120 35 Shots Fired 1184 | . 126 2 . 13 120 92 213 105 23 30 39 . 92 199 74 29 26 1 Gun 871 | . 126 1 . 7 112 79 126 105 . 3 . . 75 178 35 23 . 1 Cannon 243 | . . . . . 7 . 47 . 23 25 39 . 17 21 35 3 26 . Launcher 63 | . . 1 . 6 1 13 38 . . . . . . . 4 . . . Special 7 | . . . . . . . 2 . . 2 . . . . . 3 . . Kinetic 615 | . 35 . . 6 74 14 98 105 7 3 39 . 76 145 . 12 . 1 Thermal 126 | . 55 . . . 6 . 19 . . . . . 9 21 . 3 13 . Explosive 29 | . . 1 . 6 1 13 4 . . . . . . . 4 . . . Electromagnetic 407 | . 36 1 . 1 39 65 90 . 16 25 . . 7 33 70 11 13 . Robot Hit Streak 21 | . 9 6 . 8 15 8 18 20 11 17 21 . 17 14 9 9 9 2 Robot Miss Streak 8 | . 4 . . 1 6 4 7 4 2 2 1 . 4 8 4 2 2 . Penetration Max 1 | . . . . . . . . 1 . . . . 1 . . . . . Secondary Targets 15 | . 1 . . . 3 3 1 1 . . . . 4 1 . 1 . . Max Gunslinging Chain 1 | . 1 . . . 1 1 1 1 . . . . 1 1 . 1 . . Shots Hit Robots 975 | . 82 2 . 3 83 62 176 108 55 34 37 . 75 101 109 31 16 1 Core Hits 606 | . 33 3 . 13 48 46 187 80 19 10 16 . 34 33 64 14 6 . Critical Hits 42 | . . . . . 3 . . 8 3 2 1 . 7 6 9 1 2 . Critical Kills 14 | . . . . . 1 . . 1 . 1 . . 3 3 2 1 2 . Critical Parts Destroyed 27 | . . . . . 2 . . 7 3 1 1 . 4 2 7 . . . Melee Attacks 205 | . . . . . . . . 30 51 10 10 . 16 . 74 14 . . Thermal 2 | . . . . . . . . 2 . . . . . . . . . . Impact 5 | . . . . . . . . . . . . . . . 5 . . . Slashing 120 | . . . . . . . . 28 51 10 10 . 16 . 5 . . . Piercing 78 | . . . . . . . . . . . . . . . 64 14 . . Sneak Attacks 13 | . . . . . . . . 4 6 . . . 1 . 2 . . . Combat Hostiles . | . . . . . . . . . . . . . . . . . . . Follow-up Attacks 6 | . . . . . . . . 1 . . . . . . 5 . . . Damage Inflicted 31488 | . 1241 152 . 519 1531 2012 6095 3406 2553 1513 1137 . 2231 1972 5418 899 781 28 Guns 11868 | . 847 15 . 20 1115 947 2341 1926 . 54 . . 1438 1860 728 549 . 28 Cannons 5078 | . . . . . 20 . 773 . 572 599 864 . 195 112 1037 127 779 . Explosions 7158 | . 394 137 . 499 396 1065 2981 . . 42 . . . . 1644 . . . Melee 7370 | . . . . . . . . 1480 1981 818 273 . 598 . 2009 211 . . Ramming 14 | . . . . . . . . . . . . . . . . 12 2 . Kinetic 8725 | . 209 . . 20 373 144 1830 1926 148 54 864 . 1536 1327 . 266 . 28 Thermal 2913 | . 707 . . . 350 101 990 . . 42 . . . 112 202 127 282 . Explosive 3575 | . . 137 . 499 66 964 467 . . . . . . . 1442 . . . Electromagnetic 8891 | . 325 15 . . 742 803 2808 . 424 599 . . 97 533 1765 283 497 . Impact 223 | . . . . . . . . . . . . . . . 223 . . . Slashing 5222 | . . . . . . . . 1480 1981 818 273 . 598 . 72 . . . Piercing 1925 | . . . . . . . . . . . . . . . 1714 211 . . Highest Corruption 29 | . 1 1 1 1 . . 10 7 7 10 2 . 1 5 29 9 21 24 Average Corruption 5 | . 1 1 1 1 . . 4 5 6 6 1 . 1 3 11 6 11 17 Corruption Purged 21 | . . . . . . . 1 . 1 8 2 . 1 1 7 . . . Effects 291 | . 5 . 1 2 . . 38 35 27 42 . . . 16 71 5 18 31 Message Errors 62 | . 3 . 1 . . . 11 7 4 11 . . . 3 13 1 3 5 Matter Fused 47 | . . . . . . . 8 4 6 8 . . . 2 14 1 . 4 Heat Flow Errors 22 | . . . . . . . 3 3 2 5 . . . . 7 . 1 1 Energy Discharges 27 | . . . . . . . 3 6 3 2 . . . 1 9 2 1 . Parts Rejected 6 | . . . . . . . 1 . . . . . . 1 2 . 1 1 Data Loss (minor) 27 | . 1 . . 1 . . 3 2 1 5 . . . 2 7 . 2 3 Data Loss (major) 8 | . . . . . . . 1 1 4 . . . . 1 1 . . . Misfires 6 | . . . . . . . . 1 1 1 . . . . 2 . 1 . Alerts 2 | . . . . . . . . . . . . . . . 1 . . 1 Misdirections 25 | . . . . . . . 1 . . 2 . . . . 5 . 1 16 Targeting Errors 54 | . 1 . . 1 . . 5 10 5 8 . . . 6 9 1 8 . Weapon Failures 5 | . . . . . . . 2 1 1 . . . . . 1 . . . Overload Shots . | . . . . . . . . . . . . . . . . . . . Overflow Damage 1679 | . 26 20 . . 1 33 100 394 341 104 32 . 158 . 380 48 42 . Projectiles 212 | . . . . . . . 23 . . . 32 . . . 92 23 42 . Explosions 307 | . 26 20 . . 1 33 77 . . . . . . . 150 . . . Melee 1160 | . . . . . . . . 394 341 104 . . 158 . 138 25 . . Knockbacks 13 | . . . . . . . . . 2 . 7 . 2 . 2 . . . Impact 2 | . . . . . . . . . . . . . . . 2 . . . Kinetic 11 | . . . . . . . . . 2 . 7 . 2 . . . . . Secondary . | . . . . . . . . . . . . . . . . . . . Self-Inflicted Damage 1128 | . 178 . . 14 85 104 494 . . . . . . . 253 . . . Shots 29 | . 4 . . 1 3 5 12 . . . . . . . 4 . . . Rammed 9 | . . . . . . . . . . . . . . . . 6 3 . Targets Rammed 11 | . . . . . . . . . . . . . . . . 8 3 . Kicked . | . . . . . . . . . . . . . . . . . . . Crushed 2 | . . . . . . . . . . . . . . . . 2 . . Highest Temperature 446 | . 322 . . 8 264 393 279 242 186 312 446 . 368 310 225 260 282 241 Average Temperature 102 | . 92 . . 4 103 107 87 105 47 137 183 . 161 69 63 77 65 137 Received Heat Transfer 5760 | . 204 . . . 270 459 1080 744 249 360 . . 501 747 408 459 243 36 Effects 2 | . . . . . . 1 . . . . 1 . . . . . . . Energy Bleed 1 | . . . . . . . . . . . 1 . . . . . . . Interference 1 | . . . . . . 1 . . . . . . . . . . . . Siege Activations 10 | . . . . . . . . . 2 2 2 . 1 1 1 1 . . Total Turns 172 | . . . . . . . . . 38 40 33 . 31 13 10 7 . . Longest Duration 32 | . . . . . . . . . 20 26 32 . 31 13 10 7 . . Robots Corrupted 25 | . . . . . 1 1 5 . 2 4 . . . 2 7 1 2 . Combat Hostiles 21 | . . . . . 1 1 5 . 2 4 . . . 2 5 1 . . Parts Fried 70 | . 1 . . . 3 7 16 . 4 4 . . . 6 18 2 9 . Impact Corruptions 4 | . . . . . . . . . . . . . . . 4 . . . Robots Melted . | . . . . . . . . . . . . . . . . . . . Combat Hostiles . | . . . . . . . . . . . . . . . . . . . Parts Melted 5 | . 1 . . . 1 . . . . . . . . . . . 3 . Heat Transferred 3311 | . 1110 . . . 437 100 1020 . . 50 . . . 111 150 111 222 . Parts Sabotaged 3 | . . . . . . . . 2 . . . . . . 1 . . . Parts Stolen . | . . . . . . . . . . . . . . . . . . . Parts Stripped . | . . . . . . . . . . . . . . . . . . . Power Chain Reactions 20 | . 5 . . . 3 1 9 . . 1 . . . . 1 . . . Missiles Intercepted . | . . . . . . . . . . . . . . . . . . . Alert | -11 -10 -10 -10 -9 -8 -8 -7 -6 -5 -5 -5 -5 -4 -4 -3 -2 -2 -1 ------- Run | Scr Mat Min Exi Min Mat Gar Fac Fac Fac Upp Upp War Pro Fac Res Res Tes Acc Peak Influence 1630 | . 206 22 . 340 540 1162 1630 1013 502 . . . . 213 540 361 201 374 Initial 805 | . . 2 . . 132 249 609 805 424 . . . . . . 297 96 84 Average 400 | . 52 21 . 147 289 766 999 880 398 . . . . 63 176 293 141 108 Maximum Alert Level 5 | . 1 . . 1 2 4 5 3 2 . . . . 1 2 1 1 1 Low Security (%) 45 | 100 97 100 . 75 20 . . . . . . . . 98 65 11 99 91 Level 1 14 | . 2 . . 24 62 14 . . 42 . . . . 1 10 88 . 8 Level 2 13 | . . . . . 16 20 8 . 57 . . . . . 23 . . . Level 3 22 | . . . . . . 57 64 100 . . . . . . . . . . Level 4 4 | . . . . . . 7 26 . . . . . . . . . . . Level 5 . | . . . . . . . 1 . . . . . . . . . . . High Security . | . . . . . . . . . . . . . . . . . . . Max Security . | . . . . . . . . . . . . . . . . . . . Squads Dispatched 45 | . 2 . . . 2 . 13 6 5 . . . . 2 7 3 1 4 Investigation 10 | . 1 . . . . . 2 2 1 . . . . 1 1 1 . 1 Extermination 10 | . . . . . . . 2 . 2 . . . . 1 4 . . 1 Reinforcement 15 | . 1 . . . 2 . 4 2 1 . . . . . 1 1 1 2 Assault 9 | . . . . . . . 5 2 1 . . . . . 1 . . . Garrison 1 | . . . . . . . . . . . . . . . . 1 . . Intercept . | . . . . . . . . . . . . . . . . . . . Construction Impeded 5 | . . . . . 2 . 1 1 1 . . . . . . . . . Haulers Reinforced 1 | . . . . . . . 1 . . . . . . . . . . . Stealth | -11 -10 -10 -10 -9 -8 -8 -7 -6 -5 -5 -5 -5 -4 -4 -3 -2 -2 -1 --------- Run | Scr Mat Min Exi Min Mat Gar Fac Fac Fac Upp Upp War Pro Fac Res Res Tes Acc Distress Signals 19 | . 1 . . . 2 . 2 3 1 . . . . 2 2 4 . 2 Communications Jammed 3 | . . . . . . . . 1 . . . . . . 2 . . . Distress Signals 3 | . . . . . . . . 1 . . . . . . 2 . . . Times Spotted 412 | . 16 3 . 9 31 23 90 35 20 9 16 . 16 28 44 24 8 40 Peak Tracking Total 18 | . 3 3 . 4 6 6 10 5 8 7 7 . 5 7 8 11 7 18 Tactical Retreats 50 | . . . . . 5 4 9 7 2 . . . . 7 2 3 . 11 Traps | -11 -10 -10 -10 -9 -8 -8 -7 -6 -5 -5 -5 -5 -4 -4 -3 -2 -2 -1 ------- Run | Scr Mat Min Exi Min Mat Gar Fac Fac Fac Upp Upp War Pro Fac Res Res Tes Acc Traps Triggered 19 | . 2 . . . . 8 2 1 . . . . . . 5 . 1 . Indirectly . | . . . . . . . . . . . . . . . . . . . Trap Hack Attempts . | . . . . . . . . . . . . . . . . . . . Triggered . | . . . . . . . . . . . . . . . . . . . Disarmed . | . . . . . . . . . . . . . . . . . . . Reprogrammed . | . . . . . . . . . . . . . . . . . . . Reused . | . . . . . . . . . . . . . . . . . . . Traps Extracted . | . . . . . . . . . . . . . . . . . . . Installed . | . . . . . . . . . . . . . . . . . . . Triggered 1 | . . . . . . . 1 . . . . . . . . . . . Machines | -11 -10 -10 -10 -9 -8 -8 -7 -6 -5 -5 -5 -5 -4 -4 -3 -2 -2 -1 ---------- Run | Scr Mat Min Exi Min Mat Gar Fac Fac Fac Upp Upp War Pro Fac Res Res Tes Acc Machines Disabled 42 | . 3 . . 6 2 5 19 1 2 . . . . . 2 . 2 . Max in Single Turn 11 | . 3 . . 4 1 1 11 1 1 . . . . . 1 . 1 . Garrison Access 6 | . . . . . . . 1 1 . . . . . 1 . 1 . 2 Garrison Relay 4 | . . . . . . 4 . . . . . . . . . . . . Machines Sabotaged . | . . . . . . . . . . . . . . . . . . . Garrisons Compromised . | . . . . . . . . . . . . . . . . . . . Overloaded Fab Kills . | . . . . . . . . . . . . . . . . . . . Fab Network Shutdowns . | . . . . . . . . . . . . . . . . . . . Hacking | -11 -10 -10 -10 -9 -8 -8 -7 -6 -5 -5 -5 -5 -4 -4 -3 -2 -2 -1 --------- Run | Scr Mat Min Exi Min Mat Gar Fac Fac Fac Upp Upp War Pro Fac Res Res Tes Acc Machines Accessed 39 | . 8 . . . 4 . 6 3 4 . . . . 4 3 3 . 4 Terminals 25 | . 7 . . . 3 . 3 2 4 . . . . 2 1 1 . 2 Fabricators 5 | . . . . . . . 2 . . . . . . . 2 1 . . Repair Stations . | . . . . . . . . . . . . . . . . . . . Recycling Units 2 | . 1 . . . . . . . . . . . . 1 . . . . Scanalyzers . | . . . . . . . . . . . . . . . . . . . Garrison Access 7 | . . . . . 1 . 1 1 . . . . . 1 . 1 . 2 Total Hacks 85 | . 21 . . . 13 . 12 5 8 . . . . 8 8 5 . 5 Successful 38 | . 9 . . . 5 . 6 1 3 . . . . 3 6 3 . 2 Failed 47 | . 12 . . . 8 . 6 4 5 . . . . 5 2 2 . 3 Catastrophic 12 | . 1 . . . . . 2 1 2 . . . . 1 1 1 . 3 Database Lockouts . | . . . . . . . . . . . . . . . . . . . Manual 42 | . 14 . . . 9 . 6 3 5 . . . . 3 1 . . 1 Terminals 60 | . 18 . . . 12 . 6 4 8 . . . . 6 1 2 . 3 Fabricators 14 | . . . . . . . 5 . . . . . . . 7 2 . . Repair Stations . | . . . . . . . . . . . . . . . . . . . Recycling Units 4 | . 3 . . . . . . . . . . . . 1 . . . . Scanalyzers . | . . . . . . . . . . . . . . . . . . . Garrison Access 7 | . . . . . 1 . 1 1 . . . . . 1 . 1 . 2 Terminal Hacks 13 | . 5 . . . 2 . 1 . 3 . . . . 1 . 1 . . Part Schematic 1 | . 1 . . . . . . . . . . . . . . . . . Robot Analysis 1 | . 1 . . . . . . . . . . . . . . . . . Prototype ID Bank 1 | . . . . . . . . . 1 . . . . . . . . . Branch Access Points 3 | . 1 . . . . . . . 1 . . . . . . 1 . . Unreport Threat 2 | . . . . . 1 . 1 . . . . . . . . . . . Locate Traps 4 | . 2 . . . . . . . 1 . . . . 1 . . . . Hauler Manifests 1 | . . . . . 1 . . . . . . . . . . . . . Fabricator Hacks 11 | . . . . . . . 4 . . . . . . . 6 1 . . Load Schematic 4 | . . . . . . . 1 . . . . . . . 2 1 . . Build 7 | . . . . . . . 3 . . . . . . . 4 . . . Repair Station Hacks . | . . . . . . . . . . . . . . . . . . . Recycling Unit Hacks 1 | . 1 . . . . . . . . . . . . . . . . . Report Inventory 1 | . 1 . . . . . . . . . . . . . . . . . Scanalyzer . | . . . . . . . . . . . . . . . . . . . Garrison Access Hacks 7 | . . . . . 1 . 1 1 . . . . . 1 . 1 . 2 Unlock Access 1 | . . . . . 1 . . . . . . . . . . . . . Seal Access 6 | . . . . . . . 1 1 . . . . . 1 . 1 . 2 Unauthorized Hacks 6 | . 3 . . . 2 . . . . . . . . 1 . . . . Terminals 6 | . 3 . . . 2 . . . . . . . . 1 . . . . Track 2 | . 1 . . . 1 . . . . . . . . . . . . . Botnet 4 | . 2 . . . 1 . . . . . . . . 1 . . . . Fabricators . | . . . . . . . . . . . . . . . . . . . Repair Stations . | . . . . . . . . . . . . . . . . . . . Recycling Units . | . . . . . . . . . . . . . . . . . . . Scanalyzers . | . . . . . . . . . . . . . . . . . . . Garrison Access . | . . . . . . . . . . . . . . . . . . . Data Cores Recovered 1 | . . . . . . . . . 1 . . . . . . . . . Used . | . . . . . . . . . . . . . . . . . . . Hacking Detections 32 | . 8 . . . 3 . 5 2 4 . . . . 3 3 2 . 2 Full Trace Events 9 | . 2 . . . . . 2 1 1 . . . . 1 . 1 . 1 Feedback Events 1 | . 1 . . . . . . . . . . . . . . . . . Corruption 1 | . 1 . . . . . . . . . . . . . . . . . Feedback Blocked . | . . . . . . . . . . . . . . . . . . . Robot Schematics Acquired . | . . . . . . . . . . . . . . . . . . . Robots Built . | . . . . . . . . . . . . . . . . . . . Matter . | . . . . . . . . . . . . . . . . . . . Time . | . . . . . . . . . . . . . . . . . . . Total Robot Build Rating . | . . . . . . . . . . . . . . . . . . . Part Schematics Acquired 1 | . 1 . . . . . . . . . . . . . . . . . Parts Built 7 | . . . . . . . 3 . . . . . . . 4 . . . Matter 714 | . . . . . . . 306 . . . . . . . 408 . . . Time 245 | . . . . . . . 153 . . . . . . . 92 . . . Total Part Build Rating 7 | . . . . . . . 3 . . . . . . . 4 . . . Parts Repaired . | . . . . . . . . . . . . . . . . . . . Time . | . . . . . . . . . . . . . . . . . . . Parts Recycled . | . . . . . . . . . . . . . . . . . . . Recycled Matter . | . . . . . . . . . . . . . . . . . . . Retrieved Matter . | . . . . . . . . . . . . . . . . . . . Retrieved Components . | . . . . . . . . . . . . . . . . . . . Parts Scanalyzed . | . . . . . . . . . . . . . . . . . . . Part Schematics Acquired . | . . . . . . . . . . . . . . . . . . . Parts Damaged . | . . . . . . . . . . . . . . . . . . . Bothacking | -11 -10 -10 -10 -9 -8 -8 -7 -6 -5 -5 -5 -5 -4 -4 -3 -2 -2 -1 ------------ Run | Scr Mat Min Exi Min Mat Gar Fac Fac Fac Upp Upp War Pro Fac Res Res Tes Acc Used RIF Installer 1 | . . . . . . 1 . . . . . . . . . . . . Robots Hacked 5 | . . . . . . . 2 . . . . . . . . 3 . . Non-combat 2 | . . . . . . . . . . . . . . . . 2 . . Combat 3 | . . . . . . . 2 . . . . . . . . 1 . . Robot Hacks Applied 5 | . . . . . . . 2 . . . . . . . . 3 . . map_route 1 | . . . . . . . . . . . . . . . . 1 . . link_fov 1 | . . . . . . . . . . . . . . . . 1 . . overwrite_iff 1 | . . . . . . . 1 . . . . . . . . . . . formatsys_high 2 | . . . . . . . 1 . . . . . . . . 1 . . Relay Couplers Released 19 | . . . . . . 15 . . . . . . . 1 . 3 . . Machine Destruction 19 | . . . . . . 15 . . . . . . . 1 . 3 . . Attached 4 | . . . . . . . 1 . . . . . . . . 3 . . Robots Rewired . | . . . . . . . . . . . . . . . . . . . Allies Hacked . | . . . . . . . . . . . . . . . . . . . Hacks Repelled . | . . . . . . . . . . . . . . . . . . . Allies | -11 -10 -10 -10 -9 -8 -8 -7 -6 -5 -5 -5 -5 -4 -4 -3 -2 -2 -1 -------- Run | Scr Mat Min Exi Min Mat Gar Fac Fac Fac Upp Upp War Pro Fac Res Res Tes Acc Total Allies 4 | . . 1 . . . . 2 . . . . . . . . 1 . . Largest Group 2 | . . 1 1 . . . 2 . . . . . . . . 1 . . Highest-Rated Group 64 | . . 31 31 . . . 45 . . . . . . . . 64 . . Highest-Rated Ally 64 | . . 31 31 . . . 29 . . . . . . . . 64 . . Total Orders 2 | . . . . . . . . . . . . . . . 1 1 . . EXPLORE 2 | . . . . . . . . . . . . . . . 1 1 . . Ally Attacks 4 | . . . . . . . 3 . . . . . . . . 1 . . Total Damage 59 | . . . . . . . 38 . . . . . . . . 21 . . Kills 1 | . . . . . . . 1 . . . . . . . . . . . Allies Corrupted 1 | . . . . . . . . . . . . . . . . 1 . . Allies Melted . | . . . . . . . . . . . . . . . . . . . Intel | -11 -10 -10 -10 -9 -8 -8 -7 -6 -5 -5 -5 -5 -4 -4 -3 -2 -2 -1 ------- Run | Scr Mat Min Exi Min Mat Gar Fac Fac Fac Upp Upp War Pro Fac Res Res Tes Acc Robot Analysis Total 1 | . 1 . . . . . . . . . . . . . . . . . Derelict Logs Recovered 5 | . . 2 . . . . . . . 1 1 . 1 . . . . . Drone Launches 4 | . . . . . . . . . . . . . . . 1 3 . . Drone Recoveries 1 | . . . . . . . . . . . . . . . 1 . . . Exploration | -11 -10 -10 -10 -9 -8 -8 -7 -6 -5 -5 -5 -5 -4 -4 -3 -2 -2 -1 ------------- Run | Scr Mat Min Exi Min Mat Gar Fac Fac Fac Upp Upp War Pro Fac Res Res Tes Acc Turns Passed 17879 | 85 1324 289 412 325 654 1260 1826 912 1132 1080 1463 88 2201 1350 2127 425 287 639 Spaces Moved 9352 | 47 689 184 272 184 265 570 771 476 554 601 785 56 996 691 904 253 168 886 Core 857 | 5 . . . . . . 39 12 . . . . 23 . . 116 27 635 Treads 4321 | 42 336 . . . 17 570 361 47 318 601 777 56 847 32 314 3 . . Legs 1735 | . 353 184 272 184 248 . . . . . . . . 230 17 . 87 160 Wheels 2294 | . . . . . . . 371 417 236 . 8 . 126 429 573 134 . . Hover 145 | . . . . . . . . . . . . . . . . . 54 91 Flight . | . . . . . . . . . . . . . . . . . . . Fastest Speed 50 | 50 150 150 150 150 150 160 50 50 110 160 160 160 130 110 120 50 50 50 Average Speed 147 | 150 155 150 150 157 158 179 147 113 142 160 163 160 197 144 160 106 107 65 Slowest Speed 1300 | 160 210 150 150 180 180 180 260 160 180 160 180 160 1300 210 240 160 1000 150 Overloaded Moves . | . . . . . . . . . . . . . . . . . . . Propulsion Burnouts . | . . . . . . . . . . . . . . . . . . . Robots Hopped . | . . . . . . . . . . . . . . . . . . . Cave-ins Triggered . | . . . . . . . . . . . . . . . . . . . Exploration Rate (%) 40 | 5 97 65 64 33 24 78 26 8 19 72 73 12 89 13 20 11 24 28 Regions Visited 18 Branch Regions 8 Pre-discovered Areas 3 | . . 1 . . . . . . . . 1 . 1 . . . . . Known Exits Taken 10 | . 1 . . . 1 . . . 1 1 1 1 1 1 1 1 . . Unknown Exits Taken 7 | 1 . 1 1 1 . . 1 1 . . . . . . . . 1 . Scrap Searched 7 | . . . . 2 . . . . . . 2 . 3 . . . . . Spaces Dug 39 | . . . . . 8 2 7 . 1 2 1 . 2 10 2 3 1 . Terrain Destroyed 545 | . 47 12 . 23 30 43 170 4 3 2 13 . 31 19 142 3 3 . Melee 8 | . . . . . . . . . 1 2 . . . . 2 3 . . Projectile 74 | . . . . . . 1 1 4 2 . 13 . 31 19 . . 3 . AOE 463 | . 47 12 . 23 30 42 169 . . . . . . . 140 . . . Terrain Rammed . | . . . . . . . . . . . . . . . . . . . Walls Destroyed . | . . . . . . . . . . . . . . . . . . . Machines Disabled . | . . . . . . . . . . . . . . . . . . . Actions | -11 -10 -10 -10 -9 -8 -8 -7 -6 -5 -5 -5 -5 -4 -4 -3 -2 -2 -1 --------- Run | Scr Mat Min Exi Min Mat Gar Fac Fac Fac Upp Upp War Pro Fac Res Res Tes Acc Total 12026 | 58 824 194 279 208 397 715 1232 676 797 686 922 55 1143 891 1397 364 249 939 Wait 879 | . 18 3 . 2 10 37 166 51 86 13 78 . 45 25 283 15 14 33 Move 9334 | 46 688 183 271 183 264 569 770 475 553 600 784 55 995 690 903 252 167 886 Hop . | . . . . . . . . . . . . . . . . . . . Pick Up 200 | 6 16 1 3 3 18 10 16 12 30 8 4 . 7 22 23 13 6 2 Fast Attach 160 | 6 4 1 . 1 3 1 17 28 10 3 1 . 6 22 33 9 6 9 Attach 123 | . 4 . . . 9 3 16 11 4 3 8 . 10 12 10 16 13 4 Detach 22 | . . . . . 1 . . 3 . . 1 . 2 2 5 2 3 3 Swap 162 | . 10 3 1 5 13 14 47 3 16 12 2 . 10 12 8 6 . . Drop 155 | . 10 1 4 4 14 11 26 10 24 8 . . . 13 13 11 5 1 Fire 753 | . 74 2 . 10 65 54 174 54 23 29 34 . 52 93 45 18 25 1 Melee 196 | . . . . . . . . 29 51 10 10 . 16 . 66 14 . . Ram . | . . . . . . . . . . . . . . . . . . . Kick . | . . . . . . . . . . . . . . . . . . . Crush 11 | . . . . . . . . . . . . . . . . 8 3 . Escape Stasis 31 | . . . . . . 16 . . . . . . . . 8 . 7 . Rewire . | . . . . . . . . . . . . . . . . . . . Trap . | . . . . . . . . . . . . . . . . . . . Miscellaneous . | . . . . . . . . . . . . . . . . . . . Route ------- -11/Scrapyard -10/Materials (discovered 5 exits: [*Mat x3] / *Min x2) -10/Mines (discovered 3 exits: [*Mat x2] / [*Exi]) -10/Exiles -9/Mines -8/Materials (discovered 2 exits: *Fac / Gar) -8/Garrison (discovered 3 exits: *Fac x3) -7/Factory (discovered 3 exits: *Fac x2 / Sto) -6/Factory -5/Factory (discovered 2 exits: *Upp x2) -5/Upper Caves -5/Upper Caves -5/Warlord -4/Proximity Caves -4/Factory -3/Research -2/Research (discovered 2 exits: *Tes x2) -2/Testing -1/Access History --------- Turn | Location | Event 8 | -11/Scrapyard | Discovered new exit (range 14) 86 | -11/Scrapyard | Entered Materials 313 | -10/Materials | Build established: Mutant 615 | -10/Materials | Discovered new exit (range 15) 624 | -10/Materials | Identified exit to Mines 870 | -10/Materials | Discovered new exit (range 6) 1035 | -10/Materials | Discovered new exit (range 15) 1410 | -10/Materials | Entered Mines 1417 | -10/Mines | Escorted by a lone wolf Derelict 1437 | -10/Mines | Learned location of Storage (-7) 1447 | -10/Mines | Learned Materials trap positions 1462 | -10/Mines | Assembled infested the area 1465 | -10/Mines | Discovered new exit (range 10) 1467 | -10/Mines | Assisted by a Guerilla fighting off Assembled 1651 | -10/Mines | Discovered new exit (range 6) 1693 | -10/Mines | Deemed a non-threat by the Exiles lab entrance 1693 | -10/Mines | Discovered new exit (range 5) 1699 | -10/Mines | Entered Exiles 1699 | -10/Exiles | Accompanied by 1 ally 1735 | -10/Exiles | Met 8R-AWN 1761 | -10/Exiles | Met EX-HEX 1818 | -10/Exiles | Met EX-DEC 1951 | -10/Exiles | Visited The Gauntlet 2086 | -10/Exiles | Discovered new exit (range 14) 2111 | -10/Exiles | Entered Mines 2395 | -9/Mines | Discovered new exit (range 8) 2402 | -9/Mines | Core integrity fell below 50% 2436 | -9/Mines | Entered Materials 2436 | -8/Materials | Evolved 4 slots: Propulsion x1, Utility x3 2437 | -8/Materials | Loaded intel: 14 trap records 2698 | -8/Materials | Build established: Hauler-Mutant 2990 | -8/Materials | Discovered new exit (range 16) 3088 | -8/Materials | Identified exit to Garrison 3090 | -8/Materials | Entered Garrison 3140 | -8/Garrison | Triggered checkpoint 3181 | -8/Garrison | Garrison Relay disabled 3257 | -8/Garrison | Triggered checkpoint 3259 | -8/Garrison | Triggered checkpoint 3518 | -8/Garrison | Triggered checkpoint 3572 | -8/Garrison | Discovered new exit (range 15) 3664 | -8/Garrison | Garrison Relay disabled 3726 | -8/Garrison | Triggered checkpoint 3854 | -8/Garrison | Discovered new exit (range 14) 3914 | -8/Garrison | Triggered checkpoint 4001 | -8/Garrison | Garrison Relay disabled 4155 | -8/Garrison | Discovered new exit (range 12) 4190 | -8/Garrison | Installed Relay Interface Framework 4256 | -8/Garrison | Garrison Relay disabled 4276 | -8/Garrison | Triggered checkpoint 4350 | -8/Garrison | Entered Factory 4350 | -7/Factory | Evolved 2 slots: Propulsion x1, Utility x1 4351 | -7/Factory | Identified exit to Storage 4847 | -7/Factory | Discovered new exit (range 6) 5150 | -7/Factory | First assault squad dispatched 5401 | -7/Factory | Build established: Scavenger-Mutant 5565 | -7/Factory | Fabricated Hcp. Storage Unit (x1) 5617 | -7/Factory | Fabricated Hcp. Storage Unit? 5733 | -7/Factory | Lost 3 parts (2u1w) 5954 | -7/Factory | Fabricated Hcp. Storage Unit? 6014 | -7/Factory | Core integrity fell below 50% 6153 | -7/Factory | Released all parts (10) 6168 | -7/Factory | Discovered new exit (range 15) 6176 | -7/Factory | System corruption reached 10% 6176 | -7/Factory | Entered another Factory area 6176 | -6/Factory | Evolved 2 slots: Utility x1, Weapon x1 6180 | -6/Factory | Lost 3 parts (1n1u1w) 6526 | -6/Factory | First assault squad dispatched 6714 | -6/Factory | Lost 3 parts (1n2w) 6763 | -6/Factory | Lost 3 parts (1p1n1u) 6974 | -6/Factory | Lost 6 parts (3n2u1w) 7064 | -6/Factory | Discovered new exit (range 14) 7088 | -6/Factory | Entered another Factory area 7088 | -5/Factory | Evolved 2 slots: Utility x2 7388 | -5/Factory | First assault squad dispatched 7828 | -5/Factory | Identified exit to Upper Caves 8220 | -5/Factory | Entered Upper Caves 8231 | -5/Upper Caves | System corruption reached 10% 8585 | -5/Upper Caves | Spotted B-75 Beast 8604 | -5/Upper Caves | Destroyed B-75 Beast 8967 | -5/Upper Caves | Learned location of 1 exit from Proximity Caves 9215 | -5/Upper Caves | Discovered new exit (range 6) 9287 | -5/Upper Caves | Attracted the attention of an 0b10 outpost 9298 | -5/Upper Caves | Identified exit to Upper Caves 9300 | -5/Upper Caves | Entered another Upper Caves area 9396 | -5/Upper Caves | Learned location of Armory (-4) 9503 | -5/Upper Caves | Lost 4 parts (2u2w) 9681 | -5/Upper Caves | Encountered a Warlord checkpoint 9713 | -5/Upper Caves | Attracted the attention of an 0b10 checkpoint 9922 | -5/Upper Caves | Lost 3 parts (3n) 10600 | -5/Upper Caves | Discovered new exit (range 14) 10755 | -5/Upper Caves | Identified exit to Warlord 10763 | -5/Upper Caves | Attracted the attention of an 0b10 outpost 10763 | -5/Upper Caves | Entered Warlord 10832 | -5/Warlord | Discovered new exit (range 8) 10850 | -5/Warlord | Identified exit to Proximity Caves 10851 | -5/Warlord | Entered Proximity Caves 10852 | -4/Proximity Caves | Identified exit to Factory 11041 | -4/Proximity Caves | Spotted B-86 Titan 11179 | -4/Proximity Caves | Lost 7 parts (3n2u2w) 11645 | -4/Proximity Caves | Core integrity fell below 50% 11684 | -4/Proximity Caves | Lost 6 parts (1p2n3w) 12125 | -4/Proximity Caves | Learned location of Quarantine (-3) 12507 | -4/Proximity Caves | Build established: Scavenger-Skirmisher 12750 | -4/Proximity Caves | Received a Behemoth hack from an annoying Tinkerer 13052 | -4/Proximity Caves | Entered Factory 13052 | -4/Factory | Evolved 2 slots: Utility x1, Weapon x1 13552 | -4/Factory | Build established: Scavenger-Mutant 13919 | -4/Factory | Lost 13 parts (1p2n5u5w) 14129 | -4/Factory | Discovered new exit (range 10) 14187 | -4/Factory | Identified exit to Research 14239 | -4/Factory | Build established: Scavenger-Gunner 14382 | -4/Factory | Core integrity fell below 50% 14402 | -4/Factory | Entered Research 14402 | -3/Research | Evolved 2 slots: Utility x2 14409 | -3/Research | Lost 17 parts (1p7n4u5w) 14573 | -3/Research | Build established: Scavenger-Mutant 14837 | -3/Research | Fabricated Hcp. Storage Unit (x1) 14864 | -3/Research | Fabricated Hcp. Storage Unit (x1) 14894 | -3/Research | Fabricated Hcp. Storage Unit (x1) 15159 | -3/Research | System corruption reached 10% 15236 | -3/Research | Fabricated Hcp. Storage Unit (x1) 15537 | -3/Research | Build established: Hauler-Mutant 16012 | -3/Research | Found Prototype Launcher 16012 | -3/Research | Identified Tactical Quantum Warhead 16069 | -3/Research | Lost 6 parts (1p1n1u3w) 16096 | -3/Research | Discovered new exit (range 3) 16100 | -3/Research | Identified exit to Research 16402 | -3/Research | First assault squad dispatched 16529 | -3/Research | Entered another Research area 16529 | -2/Research | Evolved 2 slots: Propulsion x2 16856 | -2/Research | Garrison activated, responded to threat 16869 | -2/Research | Core integrity fell below 50% 16869 | -2/Research | Released all parts (12) 16900 | -2/Research | Lost 25 parts (1p7n8u9w) 16916 | -2/Research | Identified exit to Testing 16954 | -2/Research | Entered Testing 17040 | -2/Testing | Found Prototype Leg 17040 | -2/Testing | Identified Myomer Exoskeleton 17093 | -2/Testing | Scanned by Researcher 17123 | -2/Testing | Build established: Mutant 17171 | -2/Testing | System corruption reached 10% 17195 | -2/Testing | Core integrity fell below 20% 17225 | -2/Testing | Discovered new exit (range 15) 17241 | -2/Testing | Entered Access 17241 | -1/Access | Evolved 2 slots: Propulsion x2 17263 | -1/Access | Lost 10 parts (2p4n1u3w) 17516 | -1/Access | System corruption reached 10% 17517 | -1/Access | Lost 3 parts (1n1u1w) 17567 | -1/Access | Core integrity fell below 50% 17575 | -1/Access | Lost 3 parts (3n) 17582 | -1/Access | Spotted B-99 Colossus 17663 | -1/Access | Spotted B-99 Colossus 17717 | -1/Access | Spotted B-99 Colossus 17830 | -1/Access | Lost 3 parts (3n) 17837 | -1/Access | Core integrity fell below 20% 17880 | -1/Access | Destroyed by Y-72 Warden with Railgun Last Messages --------------- 17839_ Penetrated by Slug. 17839_ Slug penetrates K-01 Serf. 17839_ K-01 Serf suffers critical hit. 17839_ K-01 Serf destroyed. 17839_ R-10 Processor collects Lgt. Ion Engine. 17839_ Acquired 27 matter. 17840_ K-01 Serf collects debris. 17840_ Penetrated by Slug. 17840_ H-88 Terminator suffers critical hit. 17840_ Penetrated by Slug. 17840_ Adv. Heavy Siege Treads destroyed. 17842_ Penetrated by Slug. 17842_ Slug penetrates Wall. 17843_ R-10 Processor collects Sml. Matter Pod. 17845_ Slug penetrates Terminal. 17845_ Penetrated by Slug. 17845_ Slug penetrates Terminal. 17847_ X4JCWJXG5J=1PV8NRUOF66/8P% 17848_ Connecting with Terminal... 17853_ Penetrated by Slug. Map ----- +----------------------------------------------------+ | ##### " # ???#??# #?????? | | ????# """ # ???????# #?????? | | ????# """ # ???????# !!! #?????? | | ????# " #########???????# !!! #?????? | | ????# #???????????????# !!! #?????? | | ????# #???????????????# #?????? | | ????# ???????????????????# #?????? | | ????# ??????????????????# #?????? | | ????# ??????????????????###########?????? | | ????# ??#######????????????????????????? | | ????############## ????????????????????????? | | ??????????????? ????????????????????????? | | ???????????????# ?????????????????????????? | | ???????????????# #?????????????????????????? | | ???????######### #?????????????????????????? | | ???????# #?????????????????????????? | | ???????# #?????????????????????????? | | ######## #?????????????????????????? | | " +?????????????????????????? | | ####### """ #?????????????????????????? | | ??????# """ #?????????????????????????? | | ??????# " #?????????????????????????? | | ??????# #?????????????????????????? | | ??????# #?????????????????????????? | | ??????# ########??????????????????? | | ??????# " @ +??????????????????? | | ??????# """ #??????????????????? | | ??????# """ #??????????????????? | | ??????# " #??????????????????? | | ??????# +??????????????????? | | ??????# #??????????????????? | | ??????# #??????????????????? | | ??????##################### #??????????????????? | | ??????????????????????????? #?????????????????? | | ??????????????????????????? #?????????????????? | | ??????????????????????????? Y #?????????????????? | | ??????????????????????????? #?????????????????? | | ???????????????????????????? #?????????????????? | | ????????????????????????????+###?????????????????? | | ?????????????????????????????????????????????????? | | ?????????????????????????????????????????????????? | | ?????????????????????????????????????????????????? | | ?????????????????????????????????????????????????? | | ?????????????????????????????????????????????????? | | ?????????????????????????????????????????????????? | | ?????????????????????????????????????????????????? | | ?????????????????????????????????????????????????? | | ?????????????????????????????????????????????????? | | ?????????????????????????????????????????????????? | | ?????????????????????????????????????????????????? | +----------------------------------------------------+ Best States ------------- Heat Dissipation 103 Coolant Potential 100 Energy Generation 30 Energy Capacity 940 Matter Stores 300 Matter Capacity 450 Sight Range 16 Robot Scan Range 20 Terrain Scan Range 24 Terrain Scan Density 10 ECM Strength 3 Jamming Range 12 Power Amplification 40 Base Temperature (-) 100 Armor Coverage 825 Resistance: KI 30 Weapon Cycling 30 Evasion (%) 50 Targeting Accuracy 8 Melee Accuracy 6 Target Analysis 8 Armor Integrity Analysis 50 Recoil Reduction 4 Particle Charging 20 Kinecelleration 40 Offensive Hacking 14 Relay Coupler Types 24 Relay Coupler Value 2 Item Schematics ----------------- Hcp. Storage Unit | -10/Materials | Hacked Robot Schematics ------------------ None Fabricated ------------ Hcp. Storage Unit | x1 | -7/Factory Hcp. Storage Unit | x1 | -7/Factory Hcp. Storage Unit | x1 | -7/Factory Hcp. Storage Unit | x1 | -3/Research Hcp. Storage Unit | x1 | -3/Research Hcp. Storage Unit | x1 | -3/Research Hcp. Storage Unit | x1 | -3/Research Alien Tech Used ----------------- None Achievements -------------- Assimilation Complete Challenges ------------ None Game ------ Seed AlertNeutralizingPlating Manual? 0 Play Time 02:27:52 Cumulative 119.6 hours Start 2021.03.20 @ 21:06:19 End 2021.03.21 @ 17:38:12 Sessions 12 Manual Loads 0 Difficulty Rogue Special Mode None Game No. 30 Rogue 29 Adventurer 0 Explorer 1 Win Type - Total 8 Types 3/2/1/1/0/0/0/1/0 Lore% 56 Gallery% 68 Achievement% 54 Wizard Run 0 Options --------- ASCII 0 Keyboard 0 Movement Mouse Keybinds 0 Fullscreen 1 Font 18/Terminus Map View 76x50 Tactical HUD 1 Map Filters NONE Filters NONE Steam 0 RUN: 60a8dcda-3493-4689-9d06-824cc58ad6d2